 Dungeon Crawl Stone Soup version 0.24.0-125-gc4c63601f3 (webtiles) character file.

Game seed: 6670010042603027941, levelgen mode: deterministic

604 Frank2 the Cudgeler (level 7, 0/47 HPs)
             Began as a Demonspawn Gladiator on Mar 14, 2020.
             Slain by a jackal (1 damage)
             ... on level 5 of the Dungeon.
             The game lasted 00:04:35 (3912 turns).

Frank2 the Cudgeler (Demonspawn Gladiator)          Turns: 3912, Time: 00:04:36

Health: 0/47       AC:  0    Str: 13    XL:     7   Next: 18%
Magic:  7/7        EV:  4    Int:  9    God:
Gold:   149        SH:  0    Dex: 16    Spells: 6/6 levels left

rFire    . . .     SeeInvis .   a - +1 flail
rCold    . . .     Gourm    .   (no shield)
rNeg     . . .     Faith    .   s - +0 plate armour
rPois    .         Spirit   .   c - +0 helmet
rElec    .         Reflect  .   (no cloak)
rCorr    .         Harm     .   (no gloves)
MR       .....     Rnd*Rage +   (no boots)
Stlth    ..........             (no amulet)
HPRegen  0.15/turn              (no ring)
MPRegen  0.10/turn              (no ring)

@: corroded
A: claws 2, berserk 1, frail 1, powered by death 2, weak 1, MP-powered wands
a: no special abilities


You were on level 5 of the Dungeon.
You were not hungry.

You visited 1 branch of the dungeon, and saw 5 of its levels.

You collected 149 gold pieces.

Inventory:

Hand Weapons
 a - a +1 flail (weapon)
Armour
 c - a +0 helmet (worn)
 s - a +0 plate armour (worn)
Scrolls
 b - a scroll of blinking {unknown}
 i - a scroll of magic mapping
 l - 3 scrolls of teleportation
 r - a scroll of fear
Potions
 e - 2 potions of cancellation
 g - 2 potions of might
 j - a potion of agility
 k - a potion of degeneration {unknown}
 n - a potion of ambrosia {unknown}
 o - a potion of curing {unknown}
 q - a potion of heal wounds {unknown}
Comestibles
 f - 8 rations


   Skills:
 + Level 3.8 Fighting
 + Level 5.5 Maces & Flails
 - Level 1.7 Throwing
 + Level 3.0 Armour
 + Level 3.6 Dodging


You had 6 spell levels left.
You didn't know any spells.
Your spell library contained the following spells:

 Spells                   Type           Power        Failure   Level  Hunger
 Magic Dart               Conj           #...         100%        1    ##.....
 Blink                    Tloc           N/A          100%        2    ###....
 Call Imp                 Summ           #.......     100%        2    ###....
 Slow                     Hex            #.......     100%        2    ###....
 Conjure Flame            Conj/Fire      #.......     100%        3    ####...
 Mephitic Cloud           Conj/Pois/Air  #.......     100%        3    ####...


Dungeon Overview and Level Annotations

Branches:
Dungeon (5/15)
 Temple: D:4-7

Altars:
Uskayaw
Yredelemnul
The Shining One


Innate Abilities, Weirdness & Mutations

You have very sharp fingernails.
You regenerate health from kills.
You tend to lose your temper in combat.
You are frail. (-10% HP)
You are weak. (Str -2)
You expend magic power (3 MP) to strengthen your wands.


Message History

The jackal bites you.
The jackal bites you but does no damage.
The jackal barely misses you. The jelly hits you. The acid corrodes you!
You are splashed with acid!
The jackal bites you.
The jackal bites you but does no damage. x2
You sock the jelly! The acid corrodes you!
Your claws burn!
The jelly is heavily wounded.
The jackal bites you. x3; The jelly hits you.
The acid corrodes you!
You are splashed with acid!
* * * LOW HITPOINT WARNING * * *
The jackal bites you.
* * * LOW HITPOINT WARNING * * *
The jackal bites you.
* * * LOW HITPOINT WARNING * * *
The jackal bites you.
* * * LOW HITPOINT WARNING * * *
The jelly barely misses you. The jelly barely misses you. The jackal bites you.
You die...

... ..# .... ...#
.... ...# ###..#
#...##
......###.....#
#....<.....###
..#.###..####...#
....##...## ...#
.......@h.# #...#
........h.##...#
....###.J......#
.##. #..h......#
# #.....†.......
#..##..........
#.[. #........##
...#. .#.......#
... ..##..#.....


You could see a jelly and 3 jackals.

Vanquished Creatures
  Grinder (D:3)
  Edmund (D:4)
  Natasha (D:3)
  An orc wizard (D:4)
  A howler monkey zombie (D:5)
  Robin (D:3)
  4 gnolls (D:4)
  10 adders
  An adder skeleton (D:5)
  A dart slug (D:1)
  A worm (D:3)
  4 orcs (D:4)
  9 bats
  7 giant cockroaches
  12 goblins
  14 hobgoblins
  7 jackals
  6 kobolds
  A quokka (D:4)
  4 frilled lizards (D:1)
  3 rats (D:3)
90 creatures vanquished.

Notes
Turn   | Place    | Note
-------+----------+-------------------------------------------
     0 | D:1      | Frank2 the Demonspawn Gladiator began the quest for the
                  | Orb.
     0 | D:1      | Reached XP level 1. HP: 16/16 MP: 1/1
   239 | D:1      | You fall into a shaft and drop 1 floor!
   262 | D:2      | Gained mutation: You regenerate a little health from kills.
                  | [demonic ancestry]
   262 | D:2      | Reached XP level 2. HP: 7/22 MP: 2/2
   485 | D:2      | Reached skill level 3 in Maces & Flails
   772 | D:1      | Gained mutation: You have sharp fingernails. [demonic
                  | ancestry]
   772 | D:1      | Reached XP level 3. HP: 27/27 MP: 3/3
   940 | D:1      | Reached skill level 1 in Armour
  1596 | D:2      | Gained mutation: You regenerate health from kills. [demonic
                  | ancestry]
  1596 | D:2      | Reached XP level 4. HP: 32/34 MP: 4/4
  1729 | D:3      | Noticed Robin
  1780 | D:3      | Killed Robin
  1819 | D:3      | Found a hide-covered altar of Uskayaw.
  2140 | D:3      | Gained mutation: You have very sharp fingernails. [demonic
                  | ancestry]
  2140 | D:3      | Reached XP level 5. HP: 39/39 MP: 5/5
  2183 | D:3      | Reached skill level 4 in Maces & Flails
  2211 | D:3      | Noticed Grinder
  2222 | D:3      | Paralysed by Grinder for 6 turns
  2232 | D:3      | Killed Grinder
  2232 | D:3      | Reached XP level 6. HP: 9/47 MP: 6/6
  2747 | D:3      | Noticed Natasha
  2755 | D:3      | Killed Natasha
  2994 | D:4      | Noticed Edmund
  3027 | D:4      | HP: 1/47 [Edmund/+1 flail of protection (2)]
  3028 | D:4      | Killed Edmund
  3028 | D:4      | Reached skill level 5 in Maces & Flails
  3028 | D:4      | Reached XP level 7. HP: 1/53 MP: 7/7
  3309 | D:4      | Gained mutation: You are weak. (Str -2) [potion of
                  | mutation]
  3309 | D:4      | Gained mutation: You are somewhat resistant to further
                  | mutation. [potion of mutation]
  3310 | D:4      | Lost mutation: You are somewhat resistant to further
                  | mutation. [potion of mutation]
  3310 | D:4      | Lost mutation: You are weak. (Str -2) [potion of mutation]
  3310 | D:4      | Gained mutation: You are frail. (-10% HP) [potion of
                  | mutation]
  3310 | D:4      | Gained mutation: You tend to lose your temper in combat.
                  | [potion of mutation]
  3310 | D:4      | Gained mutation: You are weak. (Str -2) [potion of
                  | mutation]
  3310 | D:4      | Gained mutation: You expend magic power (3 MP) to
                  | strengthen your wands. [potion of mutation]
  3365 | D:4      | Found a basalt altar of Yredelemnul.
  3367 | D:4      | Noticed a profane servitor
  3712 | D:4      | Found a glowing golden altar of the Shining One.
  3855 | D:4      | Noticed an angel
  3876 | D:5      | Entered Level 5 of the Dungeon
  3909 | D:5      | HP: 1/47 [jackal (3)]
  3912 | D:5      | Slain by a jackal

Levels and vault maps discovered:
D:1:      tarquinn_simple_flora_water_a, layout_basic
D:2:      layout_basic
D:3:      layout_loops_corners, nicolae_overflow_crystal_walls, uniq_robin,
          uniq_natasha, uniq_grinder
D:4:      layout_basic, grunt_temple_overflow_holy_war, uniq_edmund
D:5:      layout_cave_pools, evilmike_ruin_ashenzari, fedhas_altar_fruit_tree,
          first_ration, serial_bayou_pond_c

Skill      XL: |  1  2  3  4  5  6  7 |
---------------+----------------------+-----
Dodging        | 3 |  3.6
Maces & Flails | 3 4 5 |  5.5
Armour         | 1 2 3 |  3.0
Fighting       | 3 |  3.8
Throwing       | |  1.7

Action                   |  1- 3 |  4- 6 |  7- 9 || total
-------------------------+-------+-------+-------++-------
Melee: Flail             |   128 |   190 |    81 ||   399
Throw: Throwing net      |       |     3 |       ||     3
  Use: Scroll            |     4 |       |     6 ||    10
       Potion            |       |       |     2 ||     2
 Stab: Held in net/web   |       |     3 |       ||     3
  Eat: Chunk             |     2 |     5 |     3 ||    10
Armor: Leather armour    |    59 |    14 |       ||    73
       Plate armour      |       |   125 |    90 ||   215
Dodge: Dodged            |   156 |    97 |    40 ||   293
